 Dungeon Crawl Stone Soup version 0.30-a0-1163-gf69bf04e7a (webtiles) character file.

Game seed: 15966799767812122651

97782 sircluck the Severer (level 15, -5/141 HPs)
             Began as a Minotaur Fighter on Apr 28, 2023.
             Was the Champion of Cheibriados.
             Killed from afar by a swamp worm (9 damage)
             ... with a harpoon shot
             ... on level 2 of the Swamp.
             The game lasted 00:50:49 (23749 turns).

sircluck the Severer (Minotaur Fighter)            Turns: 23749, Time: 00:50:50

Health: -5/141     AC: 29    Str: 49    XL:     15   Next: 73%
Magic:  14/14      EV: 15    Int: 20    God:    Cheibriados [******]
Gold:   1977       SH: 21    Dex: 25    Spells: 14/14 levels left

rFire   . . .        x - +7 consecrated labrys {holy, Valiant Fragile Fly SInv}
rCold   + . .        q - +1 kite shield {rC+}
rNeg    . . .        u - +3 storm dragon scales
rPois   .            (helmet restricted)
rElec   +            w - +1 cloak
rCorr   .            (no gloves)
SInv    +            b - +1 pair of boots
Will    +....        R - amulet of reflection Stlth
                     y - +6 ring of strength
HPRegen 0.43/turn    Q - +4 ring of protection
MPRegen 0.14/turn

%: reflection
@: flying, studying Fire Magic, very slow
A: horns 2, retaliatory headbutt
a: Renounce Religion, Bend Time, Temporal Distortion, Slouch, Step From Time


You were on level 2 of the Swamp.
You worshipped Cheibriados.
Cheibriados was exalted by your worship.
You visited 4 branches of the dungeon, and saw 23 of its levels.
You visited the Abyss 1 time.
You also visited: Ossuary.

You collected 3394 gold pieces.
You spent 1417 gold pieces at shops.

Inventory:

Hand Weapons
 x - the +7 consecrated labrys (weapon) {holy, Valiant Fragile Fly SInv}
   (You found it on level 4 of the Dungeon)

   Valiant:   It becomes more powerful as more dangerous foes come into view.
   SInv:      It lets you see invisible.
   Fly:       It grants you flight.
   Fragile:   It will be destroyed if unequipped.
Missiles
 a - 3 curare-tipped darts
 f - 211 stones
 m - 71 poisoned darts
 p - 6 silver javelins (quivered)
 B - 7 javelins
 L - 6 boomerangs
 O - 2 boomerangs of dispersal
 S - a throwing net
 V - 2 atropa-tipped darts
Armour
 b - a +1 pair of boots (worn)
 q - a +1 kite shield of cold resistance (worn)
 u - +3 storm dragon scales (worn)
 w - a +1 cloak (worn)
Jewellery
 c - a ring of positive energy
 y - a +6 ring of strength (left hand)
 Q - a +4 ring of protection (right hand)
 R - an amulet of reflection (around neck)
Wands
 i - a wand of mindburst (25)
 H - a wand of acid (21)
 J - a wand of flame (117)
 K - a wand of roots (9)
 T - a wand of polymorph (17)
 Y - a wand of charming (6)
Scrolls
 e - 7 scrolls of teleportation
 g - 7 scrolls of enchant weapon
 h - 2 scrolls of fear
 l - 3 scrolls of magic mapping
 r - 6 scrolls of amnesia
 A - 17 scrolls of identify
 D - 3 scrolls of fog
 I - 3 scrolls of butterflies
 M - a scroll of brand weapon
 W - 3 scrolls of enchant armour
 X - 2 scrolls of blinking
Potions
 d - 4 potions of might
 j - 8 potions of brilliance
 k - 9 potions of curing
 n - 5 potions of mutation
 o - 7 potions of lignification
 s - 7 potions of flight
 t - 7 potions of attraction
 v - 4 potions of cancellation
 C - a potion of heal wounds
 U - 2 potions of resistance
 Z - 2 potions of magic {unknown}
Miscellaneous
 E - a phial of floods (inert)


   Skills:
 + Level 15.2 Fighting
 + Level 20.3(20.4) Axes
 + Level 3.0(13.7) Maces & Flails
 + Level 2.0 Throwing
 + Level 15.9 Armour
 + Level 6.3 Dodging
 + Level 4.0 Stealth
 + Level 14.3 Shields
 + Level 0.6 Evocations


You had 14 spell levels left.
You didn't know any spells.
Your spell library contained the following spells:

 Spells                   Type           Power      Damage    Failure   Level
 Summon Small Mammal      Summ           0%         N/A       43%         1
 Blink                    Tloc           0%         N/A       58%         2
 Lesser Beckoning         Tloc           0%         N/A       58%         2
 Momentum Strike          Conj/Tloc      0%         3d8       58%         2
 Call Canine Familiar     Summ           0%         N/A       82%         3
 Dazzling Flash           Conj/Hex       0%         N/A       82%         3
 Frozen Ramparts          Ice            0%         1d1       82%         3
 Inner Flame              Hex/Fire       0%         N/A       82%         3
 Portal Projectile        Hex/Tloc       0%         N/A       82%         3
 Summon Guardian Golem    Hex/Summ       0%         N/A       82%         3
 Tukima's Dance           Hex            0%         N/A       82%         3
 Volatile Blastmotes      Fire/Tloc      0%         2d10      82%         3
 Flame Wave               Conj/Fire      0%         2d4       99%         4
 Fulminant Prism          Conj/Hex       0%         3d5       99%         4
 Ice Form                 Ice/Tmut       0%         N/A       99%         4
 Iskenderun's Mystic Bla  Conj/Tloc      0%         2d3       99%         4
 Olgreb's Toxic Radiance  Pois           0%         N/A       99%         4
 Sticky Flame             Conj/Fire      0%         2d3       99%         4
 Summon Ice Beast         Ice/Summ       0%         N/A       99%         4
 Agony                    Necr           0%         N/A       100%        5
 Blade Hands              Tmut           0%         N/A       100%        5
 Lee's Rapid Deconstruct  Erth           0%         3d4*      100%        5
 Silence                  Hex/Air        0%         N/A       100%        5
 Discord                  Hex            0%         N/A       100%        8
 Ignition                 Fire           0%         3d3       100%        8


Dungeon Overview and Level Annotations

Branches:
Dungeon (15/15)            Temple (1/1) D:5            Lair (5/5) D:8
  Swamp (2/4) Lair:3        Snake (0/4) Lair:3        Slime (0/5) Lair:5
    Orc (0/2) D:11         Vaults (0/5) D:14         Depths (0/4) D:15
Ossuary (visited)

Altars:
Ashenzari
Cheibriados
Dithmenos
Elyvilon
Fedhas
Gozag
Hepliaklqana
Kikubaaqudgha
Makhleb
Nemelex Xobeh
Okawaru
Qazlal
Ru
Sif Muna
Trog
Uskayaw
Vehumet
Wu Jian
Xom
Yredelemnul
Zin
The Shining One
Jiyva

Shops:
D:3 (   D:7 *   D:8 ?   D:14 ?*?


Innate Abilities, Weirdness & Mutations

You have a pair of horns on your head.
You reflexively headbutt those who attack you in melee.


Message History

You slash the will-o-the-wisp!
The will-o-the-wisp is moderately damaged.
You slash the foxfire! You slice the foxfire!!
You are engulfed in a cloud of scalding steam.
The foxfire hits you!! The foxfire hits you!
The will-o-the-wisp gestures.
The will-o-the-wisp conjures some foxfire! 2 foxfires come into view.
You feel better.
You are engulfed in a cloud of scalding steam.
The foxfire hits you but does no damage.
The foxfire hits you!!
* * * LOW HITPOINT WARNING * * *
The will-o-the-wisp engulfs you.
* * * LOW HITPOINT WARNING * * *
Blink to where?
Press: ? - help, Q - select action, (/) - cycle Dir - move target
As you read the scroll of blinking, it crumbles to dust.
The will-o-the-wisp gestures.
The will-o-the-wisp conjures some foxfire! 2 foxfires come into view.
The foxfire hits you!
* * * LOW HITPOINT WARNING * * *
The foxfire hits you but does no damage.
The will-o-the-wisp gestures.
The will-o-the-wisp conjures some foxfire!
The will-o-the-wisp gestures.
The will-o-the-wisp conjures some foxfire! 4 foxfires come into view.
You feel much better. The foxfire hits you!!
* * * LOW HITPOINT WARNING * * *
The foxfire hits you but does no damage. x2
The foxfire hits you!
* * * LOW HITPOINT WARNING * * *
The swamp worm fires a harpoon shot at you.
You block harpoon shot... and reflect it back!
The harpoon shot misses the swamp worm.
The swamp worm fires a harpoon shot at you.
The harpoon shot hits you!
You die...

♣...♣♣
♣♣♣♣§§♣♣
♣.♣§~♣♣
♣.§v♣
♣♣§w♣
♣♣§♣
♣§♣♣
♣♣§~♣
♣.@.♣♣
♣.<.~♣
♣.♣>~~♣
♣.♣♣..♣
.> ♣..♣
~~. ..~♣
.♣.~
♣..~.
#.~~~
..~. .
§.~ <~.


You could see a will-o-the-wisp and a swamp worm.

Vanquished Creatures
  A tentacled monstrosity (Swamp:1)
  3 tentacled starspawn (Abyss:2)
  Frances (D:14)
  A thorn hunter (Swamp:2)
  The ghost of avangion the Deadly Accurate, an adept GnCj of Vehumet (Swamp:1)
  Donald (Swamp:1)
  A fire giant (D:15)
  The ghost of demibob the Bludgeoner, a journeyman DsFi of Jiyva (D:15)
  Nessos (Lair:3)
  A lorocyproca (Abyss:2)
  4 eleionomae
  A dire elephant (D:15)
  An eidolon (Abyss:2)
  A merfolk javelineer (D:15)
  An ogre mage (D:15)
  A catoblepas (Lair:5)
  4 boulder beetles
  6 hydras
  3 centaur warriors
  6 alligators (Swamp:1)
  3 tengu warriors
  An anaconda (Lair:5)
  A death knight (D:15)
  8 two-headed ogres
  5 death yaks (Lair:5)
  A thrashing horror (Abyss:2)
  2 large abominations (Abyss:2)
  4 skeletal warriors
  A deep elf archer (D:15)
  A bog body (Lair:3)
  2 swamp dragons (Swamp:1)
  2 wizards (D:14)
  An orc knight (D:15)
  A phantasmal warrior (D:15)
  A deep elf pyromancer (D:15)
  4 cyclopes
  A wolf spider (D:15)
  A salamander (D:15)
  4 manticores
  6 elephants (Lair:5)
  2 black mambas
  7 cane toads
  2 orange demons (Abyss:2)
  An unseen horror (D:12)
  2 gargoyles
  A freezing wraith (D:15)
  Psyche (D:8)
  8 kobold demonologists
  2 komodo dragons
  A yaktaur (D:15)
  An ancient zyme (Abyss:2)
  3 tyrant leeches (Swamp:1)
  3 meliai (D:13)
  3 trolls
  Grinder (D:4)
  10 polar bears
  3 raiju (Lair:5)
  11 blink frogs
  8 dream sheep
  A flying skull (Abyss:2)
  8 slime creatures
  2 centaur simulacra
  A shadow (D:11)
  4 wraiths
  7 starcursed masses (Abyss:2)
  2 water elementals (D:15)
  44 yaks
  5 wyverns
  33 vampire mosquitoes
  6 basilisks
  2 swamp worms
  4 wargs (Lair:5)
  3 acid dragons
  3 nagas (Lair:3)
  8 water moccasins
  Duvessa (D:5)
  14 hell hounds (Lair:5)
  2 swamp drakes (Swamp:1)
  2 sky beasts (D:7)
  7 orc warriors
  2 ice beasts
  16 black bears
  8 boggarts
  4 ogres
  25 wolves
  4 centaurs
  5 phantoms
  A kobold brigand (D:7)
  9 bullfrogs
  2 gnoll sergeants
  3 scorpions
  12 wights
  2 troll zombies (D:11)
  Dowan (D:5)
  10 killer bees
  2 howler monkeys
  3 electric eels
  A crimson imp (D:9)
  A hound (D:4)
  5 orc priests
  An iron imp (Abyss:2)
  3 jellies
  Crazy Yiuf (D:3)
  A gnoll bouda (D:7)
  3 sleepcaps
  3 iguanas
  13 orc wizards
  2 small abominations (Abyss:2)
  4 ogre zombies (D:11)
  A mummy (Ossuary)
  18 gnolls
  10 adders
  2 white imps
  3 ufetubi
  A worm (D:3)
  4 dart slugs
  36 orcs
  6 spectral bats (Ossuary)
  5 bats
  3 endoplasms
  5 giant cockroaches
  12 goblins
  14 hobgoblins
  7 jackals
  21 kobolds
  6 quokkas
  9 ball pythons
  2 bat simulacra (Ossuary)
  4 frilled lizards
  12 gnoll zombies (Ossuary)
  3 goblin simulacra (Ossuary)
  2 goblin skeletons (D:11)
  6 goblin zombies
  A hobgoblin skeleton (D:11)
  7 hobgoblin zombies
  2 kobold simulacra (Ossuary)
  7 kobold zombies (Ossuary)
  2 orc skeletons (D:11)
  12 orc zombies
  8 rats
  5 rat simulacra (Ossuary)
  2 spectral goblins (Ossuary)
  2 spectral kobolds (Ossuary)
  4 spectral rats (Ossuary)
  2 starspawn tentacles (Abyss:2)
712 creatures vanquished.

Vanquished Creatures (others)
  A centaur simulacrum (D:15)
  A gnoll (D:12)
  2 endoplasms (Lair:5)
  12 foxfires (Swamp:2)
  13 fungi
  49 plants
  6 starspawn tentacles (Abyss:2)
84 creatures vanquished.

Grand Total: 796 creatures vanquished

Notes
Turn   | Place    | Note
-------+----------+-------------------------------------------
     0 | D:1      | sircluck the Minotaur Fighter began the quest for the Orb.
     0 | D:1      | Reached XP level 1. HP: 19/19 MP: 0/0
   177 | D:1      | Reached XP level 2. HP: 27/27 MP: 1/1
   199 | D:1      | You fall into a shaft and drop 1 floor!
   334 | D:2      | Reached skill level 1 in Maces & Flails
   342 | D:2      | Reached XP level 3. HP: 15/33 MP: 2/2
   425 | D:2      | You fall into a shaft and drop 1 floor!
   432 | D:3      | Found a burning altar of Makhleb.
   454 | D:3      | Found Ystar's Antique Weapon Emporium.
   477 | D:3      | Found a faded altar of an unknown god.
   492 | D:3      | Prayed at the altar of an unknown god.
   492 | D:3      | Became a worshipper of Cheibriados the Contemplative
   492 | D:3      | Reached * piety under Cheibriados
   537 | D:3      | Found a bloodstained altar of Trog.
   555 | D:3      | Reached XP level 4. HP: 35/41 MP: 3/3
   852 | D:3      | Found a runed translucent door.
   853 | D:3      | Noticed Crazy Yiuf
   972 | D:3      | Killed Crazy Yiuf
  1093 | D:4      | Found the +4 consecrated labrys {holy, Valiant Fragile Fly
                  | SInv}
  1296 | D:1      | Reached ** piety under Cheibriados
  1603 | D:1      | Reached XP level 5. HP: 45/47 MP: 4/4
  2196 | D:4      | Noticed Grinder
  2196 | D:4      | Paralysed by Grinder for 2 turns
  2199 | D:4      | Killed Grinder
  2200 | D:4      | Reached skill level 4 in Axes
  2200 | D:4      | Reached skill level 5 in Armour
  2200 | D:4      | Reached skill level 1 in Dodging
  2200 | D:4      | Reached XP level 6. HP: 48/55 MP: 5/5
  2202 | D:4      | Reached skill level 5 in Axes
  2279 | D:4      | Reached *** piety under Cheibriados
  2414 | D:4      | Reached skill level 5 in Fighting
  2414 | D:4      | Reached XP level 7. HP: 58/61 MP: 6/6
  2479 | D:4      | Reached skill level 6 in Axes
  2750 | D:5      | Entered Level 5 of the Dungeon
  2904 | D:5      | Reached skill level 7 in Axes
  2904 | D:5      | Reached skill level 1 in Stealth
  3044 | D:5      | Noticed Duvessa
  3047 | D:5      | Killed Duvessa
  3047 | D:5      | Noticed Dowan
  3048 | D:5      | Reached XP level 8. HP: 50/69 MP: 7/7
  3052 | D:5      | Killed Dowan
  3352 | D:5      | Reached skill level 8 in Axes
  3409 | D:5      | Reached **** piety under Cheibriados
  3567 | D:5      | Reached skill level 9 in Axes
  3567 | D:5      | Reached skill level 5 in Shields
  3987 | D:5      | Found a staircase to the Ecumenical Temple.
  4022 | Temple   | Entered the Ecumenical Temple
  4253 | D:6      | Reached XP level 9. HP: 28/75 MP: 8/8
  4450 | D:6      | Found a sand-covered staircase.
  4464 | D:6      | Found a hide-covered altar of Uskayaw.
  4558 | Ossuary  | Entered an ossuary
  4646 | Ossuary  | Reached ***** piety under Cheibriados
  5061 | D:6      | Reached skill level 10 in Axes
  5651 | D:7      | Identified the +0 pair of gloves of Bellicose Brilliance
                  | {Harm Rampage Slay+2}
  5792 | D:7      | Identified the +6 whip "Riprenos" {pain, rN+}
  5828 | D:7      | Reached ****** piety under Cheibriados
  5944 | D:7      | Reached skill level 11 in Axes
  6424 | D:7      | Found Cupoacs's General Store.
  6428 | D:7      | Bought a scroll of identify for 28 gold pieces
  6428 | D:7      | Bought a wand of polymorph (4) for 78 gold pieces
  7207 | D:8      | Found Qaugacarr's Magic Scroll Boutique.
  7222 | D:8      | Identified a scroll of acquirement
  7222 | D:8      | Acquired 829 gold pieces
  7230 | D:8      | Bought a scroll of butterflies for 48 gold pieces
  7230 | D:8      | Bought a scroll of identify for 24 gold pieces
  7230 | D:8      | Bought a scroll of brand weapon for 114 gold pieces
  7426 | D:8      | Reached XP level 10. HP: 71/86 MP: 9/9
  7749 | D:8      | Found a staircase to the Lair.
  7872 | D:8      | Noticed Psyche
  7878 | D:8      | Killed Psyche
  7879 | D:8      | Reached skill level 12 in Axes
  8069 | Lair:1   | Entered Level 1 of the Lair of Beasts
  8109 | Lair:1   | Noticed a cane toad
  8144 | Lair:1   | Killed a cane toad
  8549 | Lair:1   | Noticed a cane toad
  8553 | Lair:1   | Killed a cane toad
  8569 | Lair:1   | Noticed a cane toad
  8572 | Lair:1   | Killed a cane toad
  8576 | Lair:1   | Reached skill level 13 in Axes
  8720 | Lair:1   | Reached skill level 10 in Armour
  8723 | Lair:1   | Noticed a black mamba
  8727 | Lair:1   | Killed a black mamba
  9555 | Lair:2   | Noticed a seven-headed hydra
  9592 | Lair:2   | Noticed a four-headed hydra
  9598 | Lair:2   | Killed a six-headed hydra
  9599 | Lair:2   | Reached XP level 11. HP: 88/95 MP: 10/10
  9729 | Lair:2   | Killed a ten-headed hydra
 10659 | Lair:3   | Noticed Nessos
 10664 | Lair:3   | Killed Nessos
 10665 | Lair:3   | Reached skill level 14 in Axes
 10804 | Lair:3   | Found a staircase to the Swamp.
 10809 | Lair:3   | Noticed a bog body
 10812 | Lair:3   | Killed a bog body
 10869 | Lair:3   | Found a staircase to the Snake Pit.
 11055 | Lair:3   | Reached skill level 15 in Axes
 11188 | Lair:3   | Noticed a five-headed hydra
 11191 | Lair:3   | Killed a seven-headed hydra
 11685 | Lair:4   | Reached XP level 12. HP: 102/106 MP: 11/11
 12298 | Lair:5   | Entered Level 5 of the Lair of Beasts
 12298 | Lair:5   | Found a staircase to the Slime Pits.
 12299 | Lair:5   | Found a viscous altar of Jiyva.
 12300 | Lair:5   | Noticed a catoblepas
 12317 | Lair:5   | Killed a catoblepas
 12319 | Lair:5   | Reached skill level 10 in Fighting
 12476 | Lair:5   | Identified the +6 quarterstaff of the Lame Duck {freeze,
                  | Int+3 Dex+3}
 12505 | Lair:5   | Reached skill level 16 in Axes
 12741 | Lair:5   | Reached skill level 10 in Shields
 12744 | Lair:5   | Noticed a death yak
 12744 | Lair:5   | Noticed a death yak
 12745 | Lair:5   | Noticed a death yak
 12746 | Lair:5   | Noticed a death yak
 12746 | Lair:5   | Noticed a death yak
 12749 | Lair:5   | Killed a death yak
 12753 | Lair:5   | Killed a death yak
 12755 | Lair:5   | Killed a death yak
 12756 | Lair:5   | Killed a death yak
 12761 | Lair:5   | Killed a death yak
 12762 | Lair:5   | Reached skill level 17 in Axes
 13316 | Lair:5   | Reached XP level 13. HP: 113/116 MP: 12/12
 14250 | D:8      | Reached skill level 18 in Axes
 15273 | D:9      | Found a basalt altar of Yredelemnul.
 15421 | D:10     | Entered Level 10 of the Dungeon
 15429 | D:10     | Reached skill level 5 in Dodging
 16017 | D:11     | Identified the +9 trident "Teujol" {elec, rF+ Str+3}
 16086 | D:11     | Found a staircase to the Orcish Mines.
 17172 | D:12     | Reached XP level 14. HP: 127/127 MP: 13/13
 18359 | D:13     | Reached skill level 1 in Throwing
 18773 | D:13     | You are sucked into a shaft and drop 2 floors!
 18773 | D:15     | Entered Level 15 of the Dungeon
 18871 | D:15     | Found a runed translucent gate.
 19116 | D:15     | Noticed demibob's ghost (journeyman DsFi)
 19117 | D:15     | Found a runed translucent gate.
 19117 | D:15     | Found a runed translucent gate.
 19117 | D:15     | Noticed a fire giant
 19243 | D:15     | Reached skill level 19 in Axes
 19377 | D:15     | Found a staircase to the Depths.
 19536 | D:15     | Reached skill level 15 in Armour
 19760 | D:15     | Found an iron altar of Okawaru.
 19972 | D:15     | Killed demibob's ghost
 19982 | D:15     | Killed a fire giant
 20336 | D:14     | Found Araugocs's Magic Scroll Boutique.
 20528 | D:14     | Reached XP level 15. HP: 138/138 MP: 14/14
 20533 | Abyss:2  | Cast into level 2 of the Abyss (a wizard)
 20670 | Abyss:2  | Noticed a tentacled starspawn
 20670 | Abyss:2  | Noticed a tentacled starspawn
 20675 | Abyss:2  | Killed a tentacled starspawn
 20677 | Abyss:2  | Killed a tentacled starspawn
 20698 | Abyss:2  | Paralysed by accursed screaming for 1 turns
 21029 | Abyss:2  | Noticed a tentacled starspawn
 21034 | Abyss:2  | Killed a tentacled starspawn
 21088 | D:14     | Escaped the Abyss
 21091 | D:14     | Found a gate to the Vaults.
 21174 | D:14     | Found a basalt altar of Yredelemnul.
 21211 | D:14     | Noticed Frances
 21221 | D:14     | Killed Frances
 21347 | D:14     | Found Epsosey's Magic Scroll Shoppe.
 21350 | D:14     | Bought a scroll of acquirement for 884 gold pieces
 21350 | D:14     | Acquired 825 gold pieces
 21452 | D:14     | Found Romesecw's Assorted Antiques.
 21458 | D:14     | Bought a bone battleaxe for 241 gold pieces
 21458 | D:14     | Identified the +8 battleaxe of Oddiwej {speed, rC+ Int+4}
                  | (You bought it in a shop on level 14 of the Dungeon)
 22214 | Swamp:1  | Entered Level 1 of the Swamp
 22439 | Swamp:1  | Identified the ring of Raghi {rC- AC+4 Int+3 SInv}
 22464 | Swamp:1  | Found a runed translucent door.
 22464 | Swamp:1  | Noticed avangion's ghost (adept GnCj)
 22486 | Swamp:1  | Killed avangion's ghost
 22620 | Swamp:1  | Reached skill level 20 in Axes
 22648 | Swamp:1  | Noticed Donald
 22663 | Swamp:1  | Killed Donald
 23063 | Swamp:1  | Identified the +4 ring mail of Rooref {Harm Dex+3 Stlth-}
 23236 | Swamp:1  | Reached skill level 15 in Fighting
 23303 | Swamp:1  | Noticed a tentacled monstrosity
 23308 | Swamp:1  | Killed a tentacled monstrosity
 23615 | Swamp:2  | Noticed a thorn hunter
 23621 | Swamp:2  | Killed a thorn hunter
 23749 | Swamp:2  | HP: 4/141 [will-o-the-wisp/foxfire (13)]
 23749 | Swamp:2  | Killed from afar by a swamp worm

Illustrated notes

Levels and vault maps discovered:
D:1:      dpeg_arrival_short_road, layout_basic
D:2:      layout_loops_corners
D:3:      layout_basic, mainiacjoe_overflow_alcove_4,
          nicolae_overflow_crystal_walls, nicolae_ecumenical_snake_handling,
          serial_shops, shop, uniq_crazy_yiuf_cottage
D:4:      layout_rooms, st_stairs_12, uniq_grinder
D:5:      layout_loops_corners, temple_hall, minmay_misc_feat_cross,
          uniq_duvessa
D:6:      layout_rooms, mainiacjoe_overflow_boulevard,
          chequers_ossuary_entry_cave, gup_sewer_entry_bubbles, nicolae_sextant
D:7:      corexii_shantytown, layout_basic, serial_shops, shop
D:8:      layout_cave_pods, grunt_lair_entry_orc_guard_hut, serial_shops,
          nicolae_shop_stone, uniq_psyche
D:9:      layout_stronghold, marbit_many_paths, minmay_fire_ice_demons
D:10:     layout_rooms
D:11:     layout_stronghold, zombieorc1_lemuel
D:12:     layout_roguey, kennysheep_pointless_box, minivault_10
D:13:     layout_roguey
D:14:     lemuel_ice_spiral_2, layout_basic, david_vaults_1,
          yredelemnul_altar_generic, serial_shops, shop,
          nicolae_shop_tiny_real_fake_doors, nicolae_shop_peninsula,
          uniq_frances
D:15:     hangedman_depths_entry_try_elsewhere_first, layout_irregular_city,
          gammafunk_ghost_fury_of_okawaru, serial_shops, bzr_firewalk,
          serial_ice, serial_ice_k, serial_ice_d, serial_ice_f, serial_ice_a
Temple:   regret_index_temple_chain_breaker
Lair:1:   layout_cave_shapes, serial_bayou, serial_bayou_shore_a,
          serial_bayou_shore_b, serial_bayou_pond_e, serial_bayou_lagoon_a,
          serial_bayou_crossing, lemuel_fruit_fields, grunt_megastairs_2
Lair:2:   layout_small_grid
Lair:3:   layout_loops_ring, skrybe_swamp_entry_bodies,
          guppyfry_snake_entry_garden, lemuel_fruit_tree, uniq_nessos
Lair:4:   layout_small_grid, chequers_serial_rivers_large_a
Lair:5:   hangedman_lair_caniforms_friends, layout_gridlike,
          nicolae_slime_entry_slimehenge, gauntlet_entry_generic,
          chequers_serial_rivers_micro_e, nicolae_quartered_pool_impasse,
          grunt_megastairs_3
Swamp:1:  nicolae_swamp_ascending_descending_big, layout_basic_swamp,
          hellmonk_ghost_happy_afterlife, nicolae_swamp_fairy_circle,
          swamp_pool1, uniq_donald
Swamp:2:  nicolae_swamp_phyte_club, layout_falls_marsh,
          evilmike_swamp_ruin_rubble_1, swamp_pool5, nicolae_swamp_godswood

Skill      XL: |  1  2  3  4  5  6  7  8  9 10 11 12 13 14 15 |
---------------+----------------------------------------------+-----
Fighting       | 4 5 6 7 8 9 11 12 14 15 | 15.2
Maces & Flails | 1 2 3 |  3.0
Shields        | 4 5 6 8 10 11 13 14 | 14.3
Armour         | 4 5 6 7 8 10 12 14 15 | 15.9
Axes           | 4 5 7 9 11 13 15 17 18 19 20 | 20.3
Dodging        | 1 3 4 5 6 |  6.3
Stealth        | 1 2 3 4 |  4.0
Throwing       | 2 |  2.0
Evocations     | |  0.6

Action                     |  1- 3 |  4- 6 |  7- 9 | 10-12 | 13-15 || total
---------------------------+-------+-------+-------+-------+-------++-------
  Melee: Whip              |    45 |    21 |       |       |       ||    66
         Headbutt          |     8 |     9 |    25 |    48 |   146 ||   236
         War axe           |     2 |       |       |       |       ||     2
         Labrys            |       |    51 |   249 |   254 |   636 ||  1190
  Throw: Stone             |     9 |     1 |       |       |     8 ||    18
         Javelin           |       |       |       |       |     6 ||     6
         Dart              |       |       |       |       |     3 ||     3
  Evoke: Wand              |       |       |       |       |     2 ||     2
         Phial of floods   |       |       |       |       |     1 ||     1
    Use: Scroll            |       |       |    17 |       |    15 ||    32
         Potion            |       |       |     8 |     2 |    12 ||    22
   Stab: Sleeping          |       |       |     1 |       |       ||     1
         Petrified         |       |       |       |     2 |       ||     2
         Distracted        |       |       |       |       |     1 ||     1
 Armour: Scale mail        |    19 |    40 |    80 |       |       ||   139
         Plate armour      |       |       |    23 |   117 |    40 ||   180
         Storm dragon scal |       |       |       |       |   225 ||   225
  Dodge: Dodged            |    27 |    34 |   145 |    89 |   320 ||   615
  Block: Buckler           |     9 |    12 |    89 |   150 |   388 ||   648
         Reflection        |       |       |       |     2 |    25 ||    27
         Kite shield       |       |       |       |       |    73 ||    73

Table legend: (Time is in decaauts)
 A = Elapsed time spent in this place.
 B = Non-inter-level travel time spent in this place.
 C = Inter-level travel time spent in this place.
 D = Time resting spent in this place.
 E = Time spent auto-exploring this place.
 F = Levels seen in this place.
 G = Mean time per level.
                   A        B        C        D        E       F      G
               +--------+--------+--------+--------+--------+-----+--------+
         Total |  37392 |  32061 |   5331 |   2452 |  24906 |  25 | 1495.7 |
       Dungeon |  23673 |  20194 |   3479 |   1364 |  15977 |  15 | 1578.2 |
        Temple |    293 |    258 |     35 |      0 |    229 |   1 |  293.0 |
          Lair |  10033 |   8548 |   1485 |    596 |   7077 |   5 | 2006.6 |
         Swamp |   2219 |   1887 |    332 |    200 |   1314 |   2 | 1109.5 |
         Abyss |    689 |    689 |      0 |    292 |    135 |   1 |  689.0 |
       Ossuary |    483 |    483 |      0 |      0 |    173 |   1 |  483.0 |
               +--------+--------+--------+--------+--------+-----+--------+

Top non-repeatable levels by time:
  Lair:1: 2846 daAuts
  Lair:5: 2709 daAuts
    D:15: 2397 daAuts
     D:7: 2356 daAuts
    D:12: 2270 daAuts
     D:9: 2150 daAuts
     D:8: 2077 daAuts
 Swamp:1: 2059 daAuts
    D:14: 1939 daAuts
     D:5: 1937 daAuts
  Lair:3: 1649 daAuts
    D:11: 1612 daAuts
     D:6: 1535 daAuts
  Lair:2: 1435 daAuts
  Lair:4: 1392 daAuts
